AoeStats
← Kaiser Ze

Black Forest

508893085Analyzed
4v4 RM · 8d ago on Sep 24, 2026· 26m 51s· 8 players
Game mode
Random Map
Map size
Large (8 player)
Population
200
Speed
Normal
Resources
Standard
Victory
Conquest
Starting age
Dark Age
Ending age
Imperial Age
RankedLock teamsTeams togetherTeam positionsShared explorationLock speedFull tech treeHidden civsTurbo modeCheats
Victory
Defeat
🇩🇪 Britons · Germany
1453
+13
🇩🇪 Berbers · Germany
1404
+15
🇹🇷 Khmer · Türkiye
1386
+16
🇩🇪 Lithuanians · Germany
1329
+18
🇨🇳 Dravidians · China
1407
-17
🇫🇮 Vikings · Finland
1380
-15
🇧🇷 Saracens · Brazil
1374
-15
🇫🇮 Jurchens · Finland
1370
-15
Yokolucu
12:03 Feudal Age
14:55 Castle Age
12:43 Double-Bit Axe
12:42 Horse Collar
15:53 Bow Saw
19:00 Fishing Lines
22:49 Gillnets
26:30 Imperial Age
25:32 Wheelbarrow
24:58 Gold Mining
26:11 Ballistics
26:49 Heavy Scorpion
The Viper Fanboy
1:33 Loom
10:51 Feudal Age
13:06 Fletching
13:17 Padded Archer Armor
29:01 Castle Age
CARRY_BERRY_JDV <3
6:55 Loom
11:57 Feudal Age
12:44 Horse Collar
12:53 Double-Bit Axe
15:36 Castle Age
14:54 Scale Barding Armor
16:40 Bow Saw
19:14 Forging
22:07 Town Watch
23:00 Wheelbarrow
hermelin*?
0:50 Loom
12:45 Feudal Age
14:34 Gold Mining
17:10 Castle Age
15:45 Double-Bit Axe
18:05 Fletching
23:00 Bodkin Arrow
26:19 Husbandry
26:29 Bloodlines
27:07 Padded Archer Armor
27:05 Town Watch
Yasuo, the Unforgiven
10:02 Feudal Age
10:35 Double-Bit Axe
15:25 Castle Age
16:01 Horse Collar
17:45 Gold Mining
18:46 Scale Mail Armor
19:37 Squires
20:58 Chain Mail Armor
22:36 Medium Warships
24:26 Bow Saw
25:15 Wheelbarrow
Kaiser Ze
10:14 Feudal Age
11:22 Double-Bit Axe
12:57 Loom
16:05 Castle Age
15:18 Fishing Lines
17:36 Fletching
19:25 Padded Archer Armor
19:45 Husbandry
cro55b0w
0:50 Loom
12:00 Feudal Age
17:58 Castle Age
16:08 Double-Bit Axe
17:30 Gold Mining
19:37 Bow Saw
grain8720
10:10 Feudal Age
10:45 Double-Bit Axe
13:29 Fletching
15:50 Horse Collar
25:56 Castle Age
24:30 Gold Mining
25:21 Padded Archer Armor
26:03 Crossbowman
26:49 Thumb Ring
Connection lost

Rejoining the realm…

Still unreachable

The connection could not be restored.

Session expired

The server has moved on; the page needs a fresh start.